 Dungeon Crawl Stone Soup version 0.16.1-16-gc44b35d (webtiles) character file.

4879 4tharraofdagon the Destroyer (level 10, -2/56 HPs)
             Began as a High Elf Fire Elementalist on May 9, 2015.
             Was a High Priest of Sif Muna.
             Slain by a spiny frog (25 damage)
             ... on level 2 of the Lair of Beasts.
             The game lasted 00:17:02 (2800 turns).

4tharraofdagon the Destroyer (HEFE)                 Turns: 2800, Time: 00:17:03

Health: -2/56      AC:  4    Str:  7    XL:     10   Next: 26%
Magic:  20/28      EV: 14    Int: 22    God:    Sif Muna [*****.]
Gold:   222        SH:  0    Dex: 17    Spells: 4 memorised, 11 levels left

rFire  . . .     SeeInvis .     o - +2 halberd (venom)
rCold  . . .     Clarity  .     a - +0 robe
rNeg   . . .     SustAb   .     (no shield)
rPois  .         Gourm    .     p - +0 helmet
rElec  .         Spirit   .     e - +0 cloak
rCorr  .         Warding  .     (no gloves)
rMut   .         Stasis   .     (no boots)
MR     +....                    (no amulet)
Stlth  ++........               k - ring of wizardry
                                j - +1 ring of evasion

@: somewhat resistant to hostile enchantments, unstealthy
A: no striking features
a: Channel Energy, Forget Spell, Renounce Religion


You were on level 2 of the Lair of Beasts.
You worshipped Sif Muna.
Sif Muna was extremely pleased with you.
You were very hungry.

You visited 3 branches of the dungeon, and saw 12 of its levels.
You also visited: Bailey and Ice Cave.

You collected 222 gold pieces.

Inventory:

Hand weapons
 d - a +0 short sword
 i - a +5 club of flaming
 o - a +2 halberd of venom (weapon)
Armour
 a - a +0 robe (worn)
 e - a +0 cloak (worn)
 p - a +0 helmet (worn)
Magical staves
 G - an uncursed staff of power
Jewellery
 j - a +1 ring of evasion (left hand)
 k - a ring of wizardry (right hand)
Magical devices
 l - a wand of digging (12)
 z - a wand of paralysis (11)
 A - a wand of frost (16)
 D - a wand of enslavement (5)
 E - a wand of teleportation (4)
Scrolls
 m - a scroll of blinking
 u - a scroll of remove curse
 v - a scroll of fear
Potions
 g - 3 potions of curing
 h - a potion of invisibility {unknown}
 n - 3 potions of agility
 q - a potion of might {unknown}
 r - 3 potions of resistance
 s - a potion of magic {unknown}
 t - a potion of ambrosia {unknown}
 w - 2 potions of restore abilities {unknown}
 x - a potion of haste {unknown}
 C - a potion of berserk rage {unknown}
 I - a potion of brilliance {unknown}
Books
 b - a book of Flames

   Spells                             Type                      Level
   a - Flame Tongue                   Conjuration/Fire             1
   b - Throw Flame                    Conjuration/Fire             2
   c - Conjure Flame                  Conjuration/Fire             3
   d - Inner Flame                    Hexes/Fire                   3
   e - Sticky Flame                   Conjuration/Fire             4
   f - Fireball                       Conjuration/Fire             5
 B - a book of Alchemy

   Spells                             Type                      Level
   a - Sublimation of Blood           Necromancy                   2
   b - Alistair's Intoxication        Transmutation/Poison         4
   c - Condensation Shield            Ice                          4
   d - Petrify                        Transmutation/Earth          4
   e - Ignite Poison                  Fire/Transmutation           5
   f - Irradiate                      Conjuration/Transmutation    5
Comestibles
 c - 3 bread rations
 f - 5 meat rations


   Skills:
 - Level 2.1 Dodging
 - Level 2.1 Stealth
 + Level 7.5 Spellcasting
 * Level 9.9 Conjurations
 * Level 9.4 Fire Magic
 + Level 5.6 Invocations


You had 11 spell levels left.
You knew the following spells:

 Your Spells              Type           Power        Failure   Level  Hunger
a - Flame Tongue          Conj/Fire      #####        1%          1    None
b - Conjure Flame         Conj/Fire      ######..     1%          3    None
c - Sticky Flame          Conj/Fire      ######..     1%          4    ###....
d - Fireball              Conj/Fire      ######....   1%          5    #####..


Dungeon Overview and Level Annotations

Branches:
Dungeon (9/15)             Temple (1/1) D:6            Lair (2/8) D:8
    Orc: D:9-12

Altars:
Ashenzari
Cheibriados
Dithmenos
Elyvilon
Fedhas
Gozag
Kikubaaqudgha
Makhleb
Nemelex Xobeh
Okawaru
Qazlal
Ru
Sif Muna
Trog
Vehumet
Xom
Yredelemnul
Zin
The Shining One

Annotations:
D:8 Joseph


Message History

A spiny frog comes into view.
The spiny frog gives a loud, deep croak!
Found a stone staircase leading down.
Casting: Sticky Flame
Confirm with . or Enter, or press ? or * to list all spells.
Aiming: Conjure Flame
Press: ? - help, Dir - move target cursor The fire roars!
Casting: Conjure Flame
Confirm with . or Enter, or press ? or * to list all spells.
Aiming: Sticky Flame
Press: ? - help, Shift-Dir - straight line, f - spiny frog
Aim: a spiny frog (flame)
The sticky flame hits the spiny frog.
The spiny frog is moderately wounded.
The spiny frog is covered in liquid flames!
The spiny frog burns!
The spiny frog is engulfed in roaring flames.
The spiny frog stings you!!
You die...

... ##..>.. ##.....
###...... ...P.....
#........ ........##
........F.#####
........@....P#####
.............<....##
.....##...........#
.... #.............
... #..............
. ###P..#.#P.....
###..##.P... #..#
#### #...


You could see a spiny frog (burning).

Vanquished Creatures
  A hydra (Lair:1)
  A spiny frog (Lair:1)
  Grinder (D:3)
  Prince Ribbit (Lair:1)
  A two-headed ogre (D:9)
  2 basilisks (D:8)
  2 blink frogs (Lair:1)
  6 yaks (D:8)
  5 porcupines
  An orc warrior (D:9)
  4 crocodiles (D:8)
  A centaur (D:9)
  4 giant frogs
  A wyvern skeleton (D:6)
  4 hounds
  2 jellies
  2 orc priests (D:9)
  A crimson imp (D:5)
  A giant frog zombie (D:7)
  Natasha (D:6)
  A worker ant (D:8)
  A killer bee zombie (D:9)
  Jessica (D:3)
  3 hound zombies
  3 adders
  A gnoll (D:3)
  A shadow imp (D:5)
  12 white imps (Lair:1)
  2 worms
  An adder skeleton (D:9)
  2 oozes (D:5)
  10 orcs
  5 bats
  9 goblins
  5 hobgoblins
  2 quokkas
  2 giant geckos
  2 giant newts (D:3)
  4 kobolds
  5 rats
114 creatures vanquished.

Notes
Turn   | Place    | Note
--------------------------------------------------------------
     0 | D:1      | 4tharraofdagon, the High Elf Fire Elementalist, began the quest for the Orb.
     0 | D:1      | Reached XP level 1. HP: 11/11 MP: 4/4
   156 | D:2      | Reached XP level 2. HP: 10/17 MP: 3/6
   189 | D:3      | Noticed Jessica
   207 | D:3      | Killed Jessica
   207 | D:3      | Reached XP level 3. HP: 11/21 MP: 0/9
   239 | D:4      | Noticed a scorpion
   256 | D:3      | Noticed Grinder
   768 | D:5      | Entered Level 5 of the Dungeon
   784 | D:5      | Reached XP level 4. HP: 27/27 MP: 12/12
   791 | D:5      | Learned a level 3 spell: Conjure Flame
   843 | D:3      | Killed Grinder
   843 | D:3      | Reached skill level 4 in Spellcasting
   843 | D:3      | Reached XP level 5. HP: 31/31 MP: 8/16
   843 | D:3      | Reached XP level 6. HP: 36/36 MP: 9/18
  1011 | D:5      | Found a staircase to the Ecumenical Temple.
  1128 | D:6      | Found a staircase to the Ecumenical Temple.
  1134 | Temple   | Entered the Ecumenical Temple
  1174 | Temple   | Became a worshipper of Sif Muna the Loreminder
  1248 | D:6      | Noticed Natasha
  1257 | D:6      | Learned a level 4 spell: Sticky Flame
  1262 | D:6      | Killed Natasha
  1262 | D:6      | Reached skill level 5 in Fire Magic
  1272 | D:6      | Reached skill level 5 in Conjurations
  1349 | D:7      | Found a flagged portal.
  1356 | D:7      | Reached skill level 1 in Invocations
  1356 | D:7      | Reached XP level 7. HP: 35/41 MP: 14/20
  1379 | Bailey   | Entered a bailey
  1386 | Bailey   | Learned a level 5 spell: Fireball
  1494 | D:8      | Noticed Joseph
  1644 | D:9      | Noticed a two-headed ogre
  1666 | D:9      | Killed a two-headed ogre
  1666 | D:9      | Acquired Sif Muna's first power
  1687 | D:9      | Found a radiant altar of Vehumet.
  1739 | D:9      | Reached skill level 6 in Fire Magic
  1742 | D:9      | Found a basalt altar of Yredelemnul.
  1803 | D:9      | Reached skill level 5 in Spellcasting
  1837 | D:9      | Reached XP level 8. HP: 46/46 MP: 10/22
  1911 | D:8      | Noticed a yak
  1939 | D:8      | Killed a yak
  1972 | D:8      | Acquired Sif Muna's second power
  1972 | D:8      | Reached skill level 7 in Conjurations
  1996 | D:8      | Noticed a basilisk
  2006 | D:8      | Killed a basilisk
  2030 | D:8      | Noticed a yak
  2058 | D:8      | Noticed a yak
  2072 | D:8      | Killed a yak
  2073 | D:8      | Noticed a yak
  2074 | D:8      | Noticed a yak
  2074 | D:8      | Reached XP level 9. HP: 31/51 MP: 13/25
  2079 | D:8      | Noticed a yak
  2089 | D:8      | Killed a yak
  2099 | D:8      | Killed a yak
  2099 | D:8      | Reached skill level 8 in Conjurations
  2104 | D:8      | Killed a yak
  2109 | D:8      | Killed a yak
  2155 | D:8      | Found a staircase to the Lair.
  2156 | D:8      | Noticed a basilisk
  2195 | D:8      | Killed a basilisk
  2366 | D:8      | Noticed a wyvern
  2512 | Lair:1   | Entered Level 1 of the Lair of Beasts
  2560 | Lair:1   | Noticed a four-headed hydra
  2583 | Lair:1   | Killed a four-headed hydra
  2583 | Lair:1   | Acquired Sif Muna's third power
  2583 | Lair:1   | Reached skill level 9 in Conjurations
  2583 | Lair:1   | Reached skill level 5 in Invocations
  2584 | Lair:1   | Reached XP level 10. HP: 46/56 MP: 21/28
  2635 | Lair:1   | Noticed Prince Ribbit
  2648 | Lair:1   | Killed Prince Ribbit
  2685 | Lair:1   | Found a frozen archway.
  2710 | Lair:1   | Noticed a spiny frog
  2716 | Lair:1   | Killed a spiny frog
  2739 | IceCv    | Entered an ice cave
  2800 | Lair:2   | Slain by a spiny frog

Action                   |  1- 3 |  4- 6 |  7- 9 | 10-12 || total
-------------------------+-------+-------+-------+-------++-------
Melee: Short sword       |    15 |       |       |       ||    15
       Halberd           |    10 |    34 |   100 |     3 ||   147
       Club              |     6 |       |       |       ||     6
 Cast: Flame Tongue      |    31 |    13 |    27 |    12 ||    83
       Conjure Flame     |       |     5 |    17 |     2 ||    24
       Sticky Flame      |       |     3 |    13 |     8 ||    24
       Fireball          |       |       |     3 |     7 ||    10
Invok: Channel Energy    |       |       |    19 |    20 ||    39
  Use: Scroll            |     2 |       |     4 |     4 ||    10
       Potion            |       |       |       |     2 ||     2
 Stab: Sleeping          |     3 |     2 |     3 |       ||     8
       Distracted        |       |       |     1 |       ||     1
  Eat: Chunk             |       |     2 |     5 |     5 ||    12
       Meat ration       |       |       |     1 |       ||     1
